 Dungeon Crawl Stone Soup version 0.20.0-15-g7f486f2 (webtiles) character file.

3565 KnobCreek the Summoner (level 9, -1/57 HPs)
             Began as a Mummy Wizard on July 4, 2017.
             Was a Believer of Sif Muna.
             Shot with an arrow by a centaur (11 damage)
             ... on level 10 of the Dungeon.
             The game lasted 01:00:30 (15102 turns).

KnobCreek the Summoner (Mummy Wizard)              Turns: 15102, Time: 01:00:30

Health: -1/57      AC:  9    Str: 13    XL:     9   Next: 84%
Magic:  22/22      EV: 12    Int: 20    God:    Sif Muna [**....]
Gold:   166        SH:  3    Dex: 10    Spells: 13/26 levels left

rFire    x . .     SeeInvis +   x - +2 trident (venom)
rCold    + . .     Gourm    .   (no shield)
rNeg     + + +     Faith    .   A - +0 leather armour
rPois    ∞         Spirit   .   a - +2 helmet
rElec    .         Reflect  +   f - scarf {cloud immunity}
rCorr    .         Harm     .   e - +2 pair of gloves
MR       +....                  (no boots)
Stlth    +.........             u - +3 amulet of reflection
Regen    0.2/turn               v - +2 ring of strength
MPRegen  0.2/turn               z - ring of see invisible

@: very slightly contaminated
A: no food or potions, fire vulnerability, cold resistance 1, negative energy
resistance 3, torment resistance, unbreathing
a: Divine Energy, Renounce Religion


You were on level 10 of the Dungeon.
You worshipped Sif Muna.
Sif Muna was pleased with you.
You were not hungry.

You visited 2 branches of the dungeon, and saw 11 of its levels.

You collected 354 gold pieces.
You spent 188 gold pieces at shops.

Inventory:

Hand Weapons
 g - a +2 dagger of speed
 k - a +0 blowgun
 n - a +1 trident
 x - a +2 trident of venom (weapon)
Missiles
 h - 166 stones (quivered)
 i - 71 poisoned needles
 r - 12 tomahawks
Armour
 a - a +2 helmet (worn)
 e - a +2 pair of gloves (worn)
 f - a scarf of cloud immunity (worn)
 m - a +2 cloak
 w - a +2 buckler
 A - a +0 leather armour (worn)
 B - a +0 robe of magic resistance
Magical Staves
 t - an uncursed staff of earth
Jewellery
 u - a +3 amulet of reflection (around neck)
 v - a +2 ring of strength (left hand)
 z - a ring of see invisible (right hand)
Wands
 q - a wand of clouds (3/9)
 s - a wand of confusion (36/48)
Scrolls
 b - a scroll of recharging
 j - a scroll of remove curse
 l - 3 scrolls of amnesia
 o - 8 scrolls of identify
 p - a scroll of magic mapping
Books
 c - a book of Minor Magic

   Spells                             Type                      Level
   a - Magic Dart                     Conjuration                  1
   b - Blink                          Translocation                2
   c - Call Imp                       Summoning                    2
   d - Slow                           Hexes                        2
   e - Conjure Flame                  Conjuration/Fire             3
   f - Mephitic Cloud                 Conjuration/Poison/Air       3
 d - a Young Poisoner's Handbook

   Spells                             Type                      Level
   a - Sting                          Conjuration/Poison           1
   b - Poisonous Vapours              Poison/Air                   2
   c - Mephitic Cloud                 Conjuration/Poison/Air       3
   d - Olgreb's Toxic Radiance        Poison                       4
   e - Venom Bolt                     Conjuration/Poison           5


   Skills:
 - Level 2.3 Dodging
 - Level 1.5 Stealth
 * Level 3.7 Shields
 - Level 9.0 Spellcasting
 - Level 0.7 Conjurations
 + Level 9.5 Summonings
 - Level 0.7 Translocations


You had 13 spell levels left.
You knew the following spells:

 Your Spells              Type           Power        Failure   Level  Hunger
a - Magic Dart            Conj           ##..         8%          1    N/A
b - Blink                 Tloc           N/A          11%         2    N/A
c - Call Imp              Summ           #####...     1%          2    N/A
d - Slow                  Hex            #.......     14%         2    N/A
e - Conjure Flame         Conj/Fire      ##......     26%         3    N/A
f - Mephitic Cloud        Conj/Pois/Air  #.......     26%         3    N/A

Dungeon Overview and Level Annotations

Branches:
Dungeon (10/15)            Temple (1/1) D:5            Lair (0/6) D:9
    Orc (0/2) D:10

Altars:
Ashenzari
Dithmenos
Elyvilon
Gozag
Hepliaklqana
Kikubaaqudgha
Makhleb
Nemelex Xobeh
Okawaru
Ru
Sif Muna
Trog
Uskayaw
Vehumet
Xom
Yredelemnul
Zin

Shops:
D:4 }   D:6 =**

Annotations:
D:3 howewr's ghost, amateur HuFi
D:4 Pikel
D:9 bande's ghost, novice MiBe
D:10 Grum


Innate Abilities, Weirdness & Mutations

You do not eat or drink.
Your flesh is vulnerable to fire.
You are immune to poison.
Your flesh is cold resistant. (rC+)
You are immune to negative energy. (rN+++)
You are immune to unholy pain and torment.
You can survive without breathing.


Message History

You reflect the arrow off an invisible shield around you!
The arrow barely misses the centaur.
The centaur shoots an arrow.
You reflect the arrow off an invisible shield around you!
The arrow closely misses the centaur.
The wolf closely misses you. The wolf bites you.
* * * LOW HITPOINT WARNING * * *
The wolf misses you.
The centaur shoots an arrow.
You reflect the arrow off an invisible shield around you!
The arrow hits the centaur!
The phantom blinks!
The wolf bites you but does no damage.
The centaur shoots an arrow.
The arrow closely misses you.
The centaur shoots an arrow.
The arrow hits you.
* * * LOW HITPOINT WARNING * * *
The wolf barely misses you.
You see here an arrow.
The centaur shoots an arrow.
The arrow hits you!
You die...

#............########*,,*
***#......g.(...........,,,*
,,..........c...........,,,*
,.......................,,,*
,.......................,,,*
,,......................,,,*
,,,..............W......,,,*
,,,,............h.......,,,*
,,,,,...........@.(.....,,,***
,,****#########..#######**,,,**
,,* #..# ***,*,,* ,,*
#..#******,,,,,,*
,,************#...,,,,,,,,,,,,*
,,,,,,,,,,,,,,....,,,,,,,,_,,,*
,,,,,,,,,,,,,,....,,,,,,,,,,,,*
,,,,,,,,*****##....,,,,,,,,,,**
,,,,,,,,* *,,,,,,,,,,,,,**


You could see Grum, a phantom, a wolf and a centaur.

Vanquished Creatures
  A troll (D:8)
  A spriggan (D:7)
  A water moccasin (D:6)
  3 sky beasts
  A necrophage (D:7)
  An ice beast (D:7)
  2 ogres
  An orc warrior (D:9)
  A big kobold (D:8)
  A crocodile (D:9)
  A bullfrog (D:8)
  A scorpion (D:9)
  2 killer bees (D:8)
  5 electric eels
  A wight (D:8)
  A howler monkey (D:8)
  A centaur zombie (D:8)
  A crimson imp (D:9)
  2 hounds (D:5)
  3 jellies
  4 orc priests
  3 bullfrog skeletons
  A centaur skeleton (D:5)
  3 iguanas
  5 orc wizards
  9 worker ants
  Natasha (twice) (D:3)
  A hound skeleton (D:4)
  A worker ant zombie (D:4)
  A howler monkey skeleton (D:5)
  A gnoll (D:6)
  An adder (D:3)
  2 shadow imps
  5 oozes
  An adder skeleton (D:9)
  A worm (D:3)
  4 leopard geckos
  14 orcs
  A ball python (D:2)
  14 bats
  6 giant cockroaches
  5 goblins
  7 hobgoblins
  2 jackals (D:4)
  3 quokkas
  4 frilled lizards
  A giant cockroach zombie (D:5)
  11 kobolds
  A leopard gecko skeleton (D:4)
  A quokka zombie (D:6)
  9 rats
  A fungus (D:9)
156 creatures vanquished.

Vanquished Creatures (collateral kills)
  A hippogriff (D:8)
  An orc warrior (D:7)
  An ogre (D:8)
  A centaur (D:5)
  A gnoll sergeant (D:6)
  A bullfrog (D:6)
  3 scorpions
  3 killer bees (D:8)
  6 wights
  A crimson imp (D:6)
  A hound (D:4)
  A jelly (D:8)
  2 orc wizards (D:9)
  Crazy Yiuf (D:2)
  3 bullfrog skeletons
  Natasha (D:3)
  A worker ant (D:8)
  A killer bee zombie (D:9)
  2 hound skeletons (D:4)
  5 gnolls
  6 adders
  A worm (D:3)
  13 orcs
  2 giant cockroaches (D:4)
  A hobgoblin (D:1)
  2 jackals (D:4)
  2 kobolds (D:8)
  A quokka (D:4)
  A ball python (D:4)
  A frilled lizard (D:4)
  A quokka skeleton (D:4)
  A rat (D:3)
69 creatures vanquished.

Vanquished Creatures (others)
  8 plants (D:8)
8 creatures vanquished.

Grand Total: 233 creatures vanquished

Notes
Turn   | Place    | Note
-------+----------+-------------------------------------------
     0 | D:1      | KnobCreek the Mummy Wizard began the quest for the Orb.
     0 | D:1      | Reached XP level 1. HP: 13/13 MP: 5/5
   473 | D:1      | Reached XP level 2. HP: 19/19 MP: 5/7
   477 | D:1      | Learned a level 2 spell: Blink
   480 | D:1      | Learned a level 2 spell: Call Imp
   483 | D:1      | Learned a level 2 spell: Slow
   689 | D:1      | Reached skill level 5 in Spellcasting
  1052 | D:2      | Found a runed door.
  1093 | D:2      | Reached XP level 3. HP: 19/24 MP: 5/9
  1640 | D:2      | Noticed Crazy Yiuf
  1652 | D:2      | Killed Crazy Yiuf
  1652 | D:2      | Reached skill level 1 in Summonings
  1682 | D:2      | Learned a level 3 spell: Conjure Flame
  1686 | D:2      | Learned a level 3 spell: Mephitic Cloud
  1934 | D:2      | Reached XP level 4. HP: 30/30 MP: 7/12
  2281 | D:3      | Noticed howewr's ghost (amateur HuFi)
  2664 | D:3      | Noticed Natasha
  2677 | D:3      | Killed Natasha
  2818 | D:3      | Reached XP level 5. HP: 32/35 MP: 5/14
  2917 | D:3      | Noticed Natasha
  2931 | D:3      | Killed Natasha
  3346 | D:3      | Noticed Natasha
  3361 | D:3      | Killed Natasha
  4062 | D:4      | Noticed an ogre
  4077 | D:4      | Killed an ogre
  4077 | D:4      | Reached XP level 6. HP: 41/41 MP: 5/16
  4649 | D:4      | Noticed a sky beast
  4707 | D:3      | Killed a sky beast
  4707 | D:3      | Reached XP level 7. HP: 16/46 MP: 6/19
  5139 | D:4      | Found Madys's Gadget Shoppe.
  5244 | D:4      | Found a sparkling altar of Nemelex Xobeh.
  5468 | D:4      | Found a white marble altar of Elyvilon.
  5470 | D:4      | Noticed Pikel
  5534 | D:5      | Entered Level 5 of the Dungeon
  5872 | D:5      | Found a glowing silver altar of Zin.
  6857 | D:5      | Found a staircase to the Ecumenical Temple.
  6866 | D:5      | Found a sacrificial altar of Ru.
  6867 | D:5      | Found a shimmering altar of Xom.
  7340 | D:6      | Found Osoh's General Store.
  7577 | Temple   | Entered the Ecumenical Temple
  7602 | Temple   | Became a worshipper of Sif Muna the Loreminder
  7768 | D:6      | Reached XP level 8. HP: 52/52 MP: 18/21
  7809 | D:6      | Reached skill level 5 in Summonings
  7830 | D:6      | Found Meloekk's General Store.
  8730 | D:6      | Reached skill level 1 in Shields
  9124 | D:6      | Found Kyskioff's Jewellery Emporium.
  9132 | D:6      | Bought a +3 amulet of reflection for 188 gold pieces
 10190 | D:7      | Reached * piety under Sif Muna
 11371 | D:8      | Reached XP level 9. HP: 57/57 MP: 18/22
 11553 | D:8      | Found a radiant altar of Vehumet.
 12321 | D:8      | Reached ** piety under Sif Muna
 13190 | D:8      | Noticed a troll
 13234 | D:8      | Killed a troll
 13856 | D:9      | Found a bloodstained altar of Trog.
 13912 | D:9      | Found a hazy altar of Hepliaklqana.
 14474 | D:9      | Noticed bande's ghost (novice MiBe)
 14792 | D:9      | Found a staircase to the Lair.
 15061 | D:9      | Noticed a two-headed ogre
 15086 | D:10     | Entered Level 10 of the Dungeon
 15086 | D:10     | Noticed Grum
 15102 | D:10     | Shot with an arrow by a centaur

Skill      XL: |  1  2  3  4  5  6  7  8  9 |
---------------+----------------------------+-----
Spellcasting   | 5 6 7 8 9 |  9.0
Summonings     | 1 2 3 4 7 9 |  9.5
Dodging        | 2 |  2.3
Shields        | 2 3 |  3.7
Stealth        | |  1.5
Conjurations   | |  0.7
Translocations | |  0.7

Action                   |  1- 3 |  4- 6 |  7- 9 || total
-------------------------+-------+-------+-------++-------
Melee: Dagger            |    36 |    14 |       ||    50
       Spear             |       |    69 |       ||    69
       Trident           |       |    11 |   372 ||   383
 Fire: Blowgun           |       |    23 |    28 ||    51
 Cast: Magic Dart        |    62 |    54 |    66 ||   182
       Call Imp          |     9 |    52 |   178 ||   239
       Blink             |     1 |     6 |    17 ||    24
       Mephitic Cloud    |       |     3 |    21 ||    24
       Conjure Flame     |       |     1 |     2 ||     3
       Slow              |       |       |     2 ||     2
  Use: Scroll            |       |     7 |    12 ||    19
 Stab: Sleeping          |     3 |     3 |     2 ||     8
       Confused          |       |       |     1 ||     1
Armor: Robe              |    19 |    46 |    32 ||    97
       Leather armour    |       |       |    72 ||    72
Dodge: Dodged            |    22 |    89 |   255 ||   366
Block: Other             |       |       |    35 ||    35
       Reflection        |       |       |     6 ||     6
